 Dungeon Crawl Stone Soup version 0.31-a0-267-g3fc6992b3b (webtiles) character file.

Game seed: 17213774804162019958

370 qw the Shooter (level 6, -1/53 HPs)
             Began as a Minotaur Hexslinger on July 13, 2023.
             Slain by an orc priest
             ... wielding a +0 dagger
              (4 damage)
             ... on level 4 of the Dungeon.
             The game lasted 00:01:03 (2474 turns).

qw the Shooter (Minotaur Hexslinger)                Turns: 2474, Time: 00:01:03

Health: -1/53      AC:  5    Str: 13    XL:     6   Next: 42%
Magic:  6/6        EV: 11    Int: 10    God:
Gold:   152        SH:  0    Dex: 14    Spells: 6/7 levels left

rFire   . . .        Y - +1 sling (elec)
rCold   . . .        (no shield)
rNeg    . . .        e - +0 ring mail
rPois   .            (helmet restricted)
rElec   .            (no cloak)
rCorr   +            (no gloves)
SInv    .            (no boots)
Will    +....        d - amulet of regeneration
Stlth   +            h - ring of resist corrosion
HPRegen 1.08/turn    c - ring of willpower
MPRegen 0.10/turn

%: no passive effects
@: about to teleport
A: horns 2, retaliatory headbutt
a: no special abilities


You were on level 4 of the Dungeon.
You visited 1 branch of the dungeon, and saw 4 of its levels.

You collected 152 gold pieces.


Innate Abilities, Weirdness & Mutations

You have a pair of horns on your head.
You reflexively headbutt those who attack you in melee.


   Skills:
 - Level 4.3 Fighting
 + Level 6.3 Ranged Weapons
 - Level 1.0 Armour
 - Level 2.1 Dodging
 - Level 1.0 Spellcasting
 - Level 2.0 Hexes


You had 6 spell levels left.
You knew the following spells:

 Your Spells              Type           Power      Damage    Failure   Level
a - Slow                  Hex            16%        N/A       32%         1

Your spell library contained the following spells:

 Spells                   Type           Power      Damage    Failure   Level
 Inner Flame              Hex/Fire       2%         N/A       82%         3
 Portal Projectile        Hex/Tloc       4%         N/A       82%         3
 Cause Fear               Hex            2%         N/A       97%         4

Inventory:

Hand Weapons
 Y - a +1 sling of electrocution (weapon)
Armour
 e - a +0 ring mail (worn)
Jewellery
 c - a ring of willpower (right hand)
 d - an amulet of regeneration (around neck)
 h - a ring of resist corrosion (left hand)
Scrolls
 f - 3 scrolls of identify
Potions
 a - a potion of heal wounds {unknown}
 b - a potion of attraction {unknown}
 g - 2 potions of curing
 i - 2 potions of haste
 k - a potion of enlightenment {unknown}

Dungeon Overview and Level Annotations

Branches:
Dungeon (4/15)
 Temple: D:4-7

Altars:
Makhleb
Uskayaw
Zin


Message History

The orc closely misses you.
Your Fighting skill increases to level 4!
You shoot a sling bullet.
The sling bullet hits the orc but does no damage.
Lightning courses through the orc!
You kill the orc!
You feel sick.
You shoot a sling bullet.
The sling bullet closely misses the orc priest.
The sling bullet hits the orc.
The orc is severely wounded.
You feel sick.
The orc priest begins to cast a cantrip, but forgets the words!
You shoot a sling bullet.
The sling bullet closely misses the orc priest.
The sling bullet closely misses the orc.
You feel sick. The orc priest barely misses you.
The orc priest hits you with a +0 dagger.
The orc hits you with a +0 hand axe.
You shoot a sling bullet. The sling bullet hits the orc.
The orc is almost dead.
You feel sick.
You are no longer poisoned.
The orc hits you with a +0 hand axe.
The orc priest hits you with a +0 dagger.
You shoot a sling bullet.
The sling bullet hits the orc but does no damage.
The orc is almost dead.
The orc hits you with a +0 hand axe.
The orc priest invokes the aid of Beogh against you.
Pain shoots through your body!
2473 ||| READING scroll of teleportation.
As you read the scroll of teleportation, it crumbles to dust.
You feel strangely unstable.
The orc priest hits you with a +0 dagger.
The orc barely misses you.
You shoot a sling bullet. The sling bullet hits the orc.
You kill the orc!
The orc priest hits you with a +0 dagger.
You die...

#..%#..#......#
#......###....#
#.##....#...### #
###...#........#..
###..##..#..........#
###.....#..###.....##..
#.........###..........
##....)#..#....##.....
#....@##..#....##.#...
#...)o##.......#......
#....................##.
.....................#..
#.......................
##.....................#
.....................#.#
.........#...........###
#............#


You could see an orc priest.

Vanquished Creatures
  A black bear (D:4)
  A scorpion (D:4)
  An orc priest (D:4)
  3 gnolls (D:3)
  7 adders
  A shadow imp (D:4)
  4 worms
  5 orcs
  9 ball pythons
  3 endoplasms
  6 goblins
  7 hobgoblins
  8 jackals
  2 quokkas (D:1)
  11 bats
  4 frilled lizards
  2 kobolds
  11 rats
86 creatures vanquished.

Notes
Turn   | Place    | Note
-------+----------+-------------------------------------------
     0 | D:1      | qw the Minotaur Hexslinger began the quest for the Orb.
     0 | D:1      | Reached XP level 1. HP: 16/16 MP: 1/1
     0 | D:1      | 0 ||| qw: Version: 0.3-a-52-g30416fa
     0 | D:1      | 0 ||| qw: Game counter: 7659
     0 | D:1      | 0 ||| qw: Melee chars always use a shield: true
     0 | D:1      | 0 ||| qw: God list: Okawaru
     0 | D:1      | 0 ||| qw: Allow faded altars: false
     0 | D:1      | 0 ||| qw: Do Orc after clearing Dungeon:15 true
     0 | D:1      | 0 ||| qw: Do second Lair branch before Depths: true
     0 | D:1      | 0 ||| qw: Lair rune preference: random
     0 | D:1      | 0 ||| qw: Goals: Normal
     0 | D:1      | 0 ||| PLANNING D:1-11
   193 | D:1      | You fall into a shaft and drop 1 floor!
   258 | D:2      | Reached skill level 3 in Ranged Weapons
   258 | D:2      | Reached XP level 2. HP: 14/23 MP: 2/2
   373 | D:2      | 373 ||| UPGRADING to +0 ring mail.
   383 | D:2      | 383 ||| DROPPING +0 robe.
   384 | D:2      | 384 ||| DROPPING +6 ring of intelligence.
   385 | D:2      | 385 ||| UPGRADING to ring of resist corrosion.
   386 | D:2      | 386 ||| READING scroll labelled ILLIHID HORIWU.
   391 | D:2      | 391 ||| DROPPING scroll of poison.
   642 | D:1      | Reached XP level 3. HP: 29/29 MP: 3/3
  1058 | D:1      | 1058 ||| UPGRADING to amulet of regeneration.
  1063 | D:1      | 1063 ||| READING scroll labelled BIOKAURYBAOK.
  1064 | D:1      | 1064 ||| READING scroll labelled TAGIER TISOP.
  1065 | D:1      | 1065 ||| READING scroll labelled FASEGU RESOWKA.
  1066 | D:1      | 1066 ||| DRINKING 2 bubbling golden potions.
  1171 | D:1      | 1171 ||| DRINKING 2 fuming yellow potions.
  1172 | D:1      | 1172 ||| DROPPING potion of berserk rage.
  1290 | D:2      | Reached skill level 4 in Ranged Weapons
  1371 | D:2      | Reached skill level 1 in Armour
  1396 | D:2      | Found a glowing silver altar of Zin.
  1426 | D:2      | Reached XP level 4. HP: 36/36 MP: 4/4
  1607 | D:2      | 1607 ||| DRINKING 2 red potions.
  1624 | D:3      | 1624 ||| PLANNING SEWER
  1831 | D:3      | Reached skill level 5 in Ranged Weapons
  2002 | D:3      | Found a faded altar of an unknown god.
  2186 | D:3      | Reached XP level 5. HP: 34/44 MP: 5/5
  2205 | D:3      | Reached skill level 3 in Fighting
  2240 | D:3      | 2240 ||| RIP SEWER
  2241 | D:3      | 2241 ||| PLANNING D:1-11
  2288 | D:3      | 2288 ||| Stepping ~*~*~tactically~*~*~ (water).
  2311 | D:3      | 2311 ||| UPGRADING to ring of willpower.
  2312 | D:3      | 2312 ||| READING scroll labelled CUWOSADULI.
  2332 | D:3      | 2332 ||| READING scroll labelled QAXECL UVVYUDU.
  2399 | D:4      | Found a burning altar of Makhleb.
  2401 | D:4      | Found a hide-covered altar of Uskayaw.
  2410 | D:4      | Noticed a black bear
  2415 | D:4      | Killed a black bear
  2416 | D:4      | Reached skill level 6 in Ranged Weapons
  2416 | D:4      | Reached XP level 6. HP: 51/51 MP: 6/6
  2472 | D:4      | HP: 3/53 [orc priest/nerve-wracking pain (14)]
  2473 | D:4      | 2473 ||| READING scroll of teleportation.
  2474 | D:4      | Slain by an orc priest

Levels and vault maps discovered:
D:1:      lightli_arrival_boilingwater, layout_loops_corners, nicolae_the_louvre
D:2:      layout_loops_ring, basic_altar, dk_vineyard_1
D:3:      layout_basic, shapermc_ecumenical_altar_mp_vishouse,
          lightli_sewer_entry_pipes, grunt_ministairs_12, minmay_checkerbox
D:4:      layout_cave_pools, mainiacjoe_overflow_catwalk_spiral, zin_treasury,
          led_xom_imps, mainiacjoe_overflow_catch_the_wave, nicolae_shop_gadgets

Skill      XL: |  1  2  3  4  5  6 |
---------------+-------------------+-----
Ranged Weapons | 3 4 5 6 |  6.3
Fighting       | 2 3 4 |  4.3
Armour         | 1 |  1.0
Dodging        | |  2.1
Spellcasting   | |  1.0
Hexes          | |  2.0

Action                     |  1- 3 |  4- 6 || total
---------------------------+-------+-------++-------
   Fire: Sling             |   110 |   119 ||   229
    Use: Scroll            |     4 |     3 ||     7
         Potion            |     2 |     1 ||     3
 Armour: Robe              |     7 |       ||     7
         Ring mail         |    32 |    14 ||    46
  Dodge: Dodged            |    46 |    27 ||    73

Table legend:
 A = Non-vault XP
 B = Vault XP
 C = Vault XP percentage of total XP
 D = Non-vault monster count
 E = Vault monster count
 F = Vault count percentage of total count
                 A         B        C        D         E       F
            +---------+---------+-------+---------+---------+-------
      Total |     461 |      71 |  13.3 |      68 |      18 |  20.9
            +---------+---------+-------+---------+---------+-------
        D:1 |      36 |       0 |   0.0 |      22 |       0 |   0.0
        D:2 |      61 |       0 |   0.0 |      20 |       0 |   0.0
        D:3 |      77 |      71 |  48.0 |      16 |      18 |  52.9
        D:4 |     287 |       0 |   0.0 |      10 |       0 |   0.0
            +---------+---------+-------+---------+---------+-------
